 Dungeon Crawl Stone Soup version 0.29.1-12-g30fa7ad0bf (webtiles) character file.

Game seed: 18110060685075088303

357 nachturnus the Slasher (level 6, -2/43 (47) HPs)
             Began as a Vampire Fighter on Jan 1, 2023.
             Slain by a wight
             ... wielding a +2 halberd
              (12 damage)
             ... on level 4 of the Dungeon.
             The game lasted 00:15:05 (3691 turns).

nachturnus the Slasher (Vampire Fighter)            Turns: 3691, Time: 00:15:06

HP:   -2/43 (47)    AC: 11    Str: 17    XL:     6   Next: 36%
MP:   6/6           EV:  5    Int: 16    God:
Gold: 236           SH:  0    Dex: 14    Spells: 5/5 levels left

rFire   . . .      SeeInvis +   x - +8 quarterstaff "Kaisir" {vorpal, rC+}
rCold   + . .      Faith    .   (shield currently unavailable)
rNeg    . . .      Spirit   .   t - +0 plate armour
rPois   .          Reflect  .   (no helmet)
rElec   .          Harm     .   (no cloak)
rCorr   +          Rampage  .   (no gloves)
Will    .....                   (no boots)
Stlth   ..........              u - amulet of magic regeneration
HPRegen 0.34/turn               g - ring of resist corrosion
MPRegen 0.50/turn               k - +6 ring of intelligence

@: healing quickly, drained
A: alive, fangs 3, see invisible, vampiric 2
a: Exsanguinate


You were on level 4 of the Dungeon.
You visited 1 branch of the dungeon, and saw 4 of its levels.

You collected 258 gold pieces.
You spent 22 gold pieces at shops.

Inventory:

Hand Weapons
 a - a +0 long sword
 m - a +0 rapier
 q - the +11 sling of Genta {flame, Int+3}
   (You found it on level 3 of the Dungeon)

   Any ammunition fired from it burns those it strikes, dealing additional fire
   damage.
   Int:       It affects your intelligence (+3).
 r - a +2 vorpal flail
 x - the +8 quarterstaff "Kaisir" (weapon) {vorpal, rC+}
   (You found it on level 3 of the Dungeon)

   It inflicts extra damage upon your enemies.
   rC:        It protects you from cold.
Missiles
 s - 7 stones (quivered)
Armour
 b - a +0 scale mail
 c - a +0 buckler
 t - a +0 plate armour (worn)
Jewellery
 g - a ring of resist corrosion (left hand)
 k - a +6 ring of intelligence (right hand)
 u - an amulet of magic regeneration (around neck)
Wands
 o - a wand of mindburst (10)
Scrolls
 n - 3 scrolls of teleportation {unknown}
 p - 2 scrolls of immolation {unknown}
 v - a scroll of enchant armour {unknown}
Potions
 d - a potion of might
 e - a potion of mutation {unknown}
 f - a potion of flight
 h - a potion of ambrosia {unknown}
 i - 2 potions of curing {unknown}
 j - 2 potions of brilliance
 l - a potion of magic {unknown}
 w - a potion of attraction {unknown}


   Skills:
 - Level 3.0 Fighting
 + Level 6.3 Long Blades
 - Level 2.7 Armour
 - Level 3.0 Shields


You had 5 spell levels left.
You didn't know any spells.
Your spell library contained the following spells:

 Spells                   Type           Power      Damage    Failure   Level
 Beastly Appendage        Tmut           0%         N/A       100%        1
 Wereblood                Tmut           0%         N/A       100%        2
 Spider Form              Tmut/Pois      0%         N/A       100%        3


Dungeon Overview and Level Annotations

Branches:
Dungeon (4/15)
 Temple: D:4-7

Altars:
Ru

Shops:
D:1 :   D:2 *


Innate Abilities, Weirdness & Mutations

Your natural rate of healing is accelerated.
You have razor-sharp teeth.
You have supernaturally acute eyesight. (SInv)
You are afflicted with vampirism and can become a bat while bloodless.


Message History

There is a stone staircase leading down here.
You climb downwards.
Found an escape hatch in the ceiling.
There is a stone staircase leading up here.
You open the door.
There is an open door here.
You open the door.
There is an open door here.
You can't wield that with only one hand.
You start removing your armour.
You continue taking off your +0 buckler. x4
You finish taking off your +0 buckler.
x - the +8 quarterstaff "Kaisir" (weapon)
{vorpal, rC+}
Found 3 gold pieces.
You now have 236 gold pieces (gained 3).
Found a stone staircase leading down.
There is a stone staircase leading down here.
You open the door.
There is an open door here.
n - 3 scrolls labelled QYNOTS HYM UPP (gained 1)
You open the door.
There is an open door here. 4 wights come into view.
Found a glowing leather armour.
The wight moves out of view.
There is an open door here.
There is an open door here.
The wight hits you from afar with a +2 halberd!
The wight hits you with a +2 halberd.
You barely miss the wight. The wight hits you with a +2 halberd!
You feel drained.
You hit the wight.
The wight is moderately damaged.
The wight hits you with a +2 halberd. The wight hits you with a +2 halberd!
* * * LOW HITPOINT WARNING * * *
You feel drained.
* * * LOW HITPOINT WARNING * * *
You sock the wight!
The wight is almost destroyed.
The wight hits you with a +2 halberd!
You die...

######.# ####......#
..##.###############
..'..........zzz@.>#
..##.#.###########.#
..##.#.# #.#
..##.#.# #.#
####'#.# #.# #.....#
#.# #.....# ######.#
#.....# #......#
####.#.# ####.######


You could see 3 wights.

Vanquished Creatures
  An orc priest (D:3)
  Jessica (D:2)
  Terence (D:2)
  Natasha (thrice) (D:2)
  2 orc wizards (D:3)
  7 adders
  2 dart slugs
  2 worms
  6 orcs (D:3)
  6 endoplasms
  2 giant cockroaches (D:1)
  8 goblins
  3 hobgoblins
  2 jackals (D:1)
  8 kobolds
  2 quokkas
  8 ball pythons
  8 bats
  3 frilled lizards
  5 rats
80 creatures vanquished.

Vanquished Creatures (others)
  A quokka (D:3)
1 creature vanquished.

Grand Total: 81 creatures vanquished

Notes
Turn   | Place    | Note
-------+----------+-------------------------------------------
     0 | D:1      | nachturnus the Vampire Fighter began the quest for the Orb.
     0 | D:1      | Reached XP level 1. HP: 17/17 MP: 1/1
     0 | D:1      | Noticed a dwarf
     0 | D:1      | Noticed a demonspawn
     1 | D:1      | Noticed a barachi
     8 | D:1      | Noticed a spriggan
    11 | D:1      | Noticed a minotaur zombie
    17 | D:1      | Noticed a draconian
    19 | D:1      | Noticed a minotaur zombie
   241 | D:1      | Reached XP level 2. HP: 23/23 MP: 2/2
   306 | D:1      | Found Xochuobe's Book Boutique.
   761 | D:1      | Gained mutation: You are afflicted with vampirism and can
                  | become a bat while bloodless. [Vampire growth]
   761 | D:1      | Reached XP level 3. HP: 29/29 MP: 3/3
   840 | D:2      | Noticed Natasha
   858 | D:2      | Killed Natasha
   859 | D:2      | Reached skill level 3 in Long Blades
   870 | D:2      | Noticed Natasha
   990 | D:2      | Killed Natasha
   991 | D:2      | Reached XP level 4. HP: 33/35 MP: 4/4
  1057 | D:2      | Reached skill level 4 in Long Blades
  1127 | D:2      | Noticed Terence
  1171 | D:2      | Killed Terence
  1172 | D:2      | Reached XP level 5. HP: 8/41 MP: 5/5
  1308 | D:2      | Found Gekkon's General Store.
  1372 | D:2      | Bought a scroll of identify for 22 gold pieces
  1482 | D:2      | Noticed Jessica
  1500 | D:2      | Killed Jessica
  1919 | D:2      | Reached skill level 5 in Long Blades
  2106 | D:2      | Noticed Natasha
  2127 | D:2      | Killed Natasha
  2357 | D:3      | Identified the +11 sling of Genta {flame, Int+3}
  2378 | D:3      | Identified the +8 quarterstaff "Kaisir" {vorpal, rC+}
  2555 | D:3      | Found a faded altar of an unknown god.
  2613 | D:3      | Reached XP level 6. HP: 45/47 MP: 6/6
  2814 | D:3      | Reached skill level 6 in Long Blades
  2925 | D:3      | Found a sacrificial altar of Ru.
  3691 | D:4      | Slain by a wight

Illustrated notes

Levels and vault maps discovered:
D:1:      shiori_arrival_whats_in_store_for_you, layout_basic, serial_shops,
          nicolae_shop_trees
D:2:      layout_rooms, serial_co_window_serial, co_window_paths_a,
          co_window_paths_b, co_window_of_opportunity_a, co_window_paths_a,
          co_window_paths_a, co_window_cross_4, co_window_2corner,
          co_window_2corner, co_window_corner_b, co_window_broadway_a,
          co_window_paths_e, glass_columns_a, glass_columns_b, glass_columns_a,
          glass_columns_a, glass_columns_a, serial_shops, shop, uniq_natasha,
          uniq_terence, uniq_jessica
D:3:      layout_loops_corners, elyvilon_altar_4,
          nicolae_ru_sacrificial_ziggurat, dreamdust_ecumenical_altar_statues
D:4:      layout_basic, temple_hall_moat, serial_bayou_crossing, uniq_pikel,
          uniq_robin

Skill      XL: |  1  2  3  4  5  6 |
---------------+-------------------+-----
Fighting       | 3 |  3.0
Shields        | 3 |  3.0
Long Blades    | 3 4 5 6 |  6.3
Armour         | |  2.7

Action                   |  1- 3 |  4- 6 || total
-------------------------+-------+-------++-------
Melee: Long sword        |    92 |   197 ||   289
       Bite              |     7 |    17 ||    24
       Quarterstaff      |       |     3 ||     3
  Use: Scroll            |     1 |     2 ||     3
       Potion            |       |     2 ||     2
Armor: Scale mail        |    67 |    48 ||   115
       Plate armour      |       |    29 ||    29
Dodge: Dodged            |    45 |    61 ||   106
Block: Buckler           |    25 |    46 ||    71
